 Dungeon Crawl Stone Soup version 0.30-a0-840-ga523dec638 (webtiles) character file.

Game seed: 8366865977064031037

131 avis the Trooper (level 4, 0/38 HPs)
             Began as a Demigod Warper on Mar 2, 2023.
             Constricted to death by Natasha (4 damage)
             ... on level 2 of the Dungeon.
             The game lasted 00:09:21 (1786 turns).

avis the Trooper (Demigod Warper)                   Turns: 1786, Time: 00:09:22

Health: 0/38       AC:  5    Str: 12    XL:     4   Next: 61%
Magic:  9/9        EV:  9    Int: 15    God:
Gold:   93         SH:  0    Dex: 17    Spells: 6/6 levels left

rFire   . . .      SeeInvis .    a - +0 falchion
rCold   . . .      Faith    .    (no shield)
rNeg    . . .      Spirit   .    n - +0 leather armour
rPois   .          Reflect  .    o - +0 helmet
rElec   .          Harm     .    (no cloak)
rCorr   .          Rampage  .    e - +0 pair of gloves
Will    .....                    (no boots)
Stlth   ++                       (no amulet)
HPRegen 0.26/turn                (no ring)
MPRegen 0.11/turn                (no ring)

@: grasped by roots, constricted
A: high MP 1, forlorn, divine attributes
a: no special abilities


You were on level 2 of the Dungeon.
You visited 1 branch of the dungeon, and saw 2 of its levels.

You collected 93 gold pieces.

Inventory:

Hand Weapons
 a - a +0 falchion (weapon)
 b - a +0 sling
Missiles
 d - 7 boomerangs of dispersal (quivered)
Armour
 e - a +0 pair of gloves (worn)
 k - a +0 ring mail
 n - a +0 leather armour (worn)
 o - a +0 helmet (worn)
Scrolls
 c - a scroll of blinking
 h - 3 scrolls of noise {unknown}
 i - a scroll of immolation {unknown}
 j - a scroll of teleportation {unknown}
 l - a scroll of fear {unknown}


   Skills:
 - Level 3.0 Fighting
 - Level 3.0 Long Blades
 * Level 2.1 Ranged Weapons
 - Level 0.8 Throwing
 - Level 0.8 Armour
 - Level 1.7 Dodging
 - Level 1.0 Stealth
 - Level 1.7 Spellcasting
 - Level 2.6 Translocations


You had 6 spell levels left.
You didn't know any spells.
Your spell library contained the following spells:

 Spells                   Type           Power      Damage    Failure   Level
 Blink                    Tloc           18%        N/A       14%         2
 Lesser Beckoning         Tloc           18%        N/A       14%         2
 Teleport Other           Tloc           9%         N/A       28%         3
 Vhi's Electric Charge    Tloc/Air       10%        N/A       45%         3
 Manifold Assault         Tloc           9%         N/A       67%         4


Dungeon Overview and Level Annotations

Branches:
Dungeon (2/15)

Annotations:
D:2 Natasha


Innate Abilities, Weirdness & Mutations

You have an increased reservoir of magic. (+10% MP)
You shall have no god before yourself.
Your divine heritage dramatically boosts your attributes as you level up.


Message History

Aim: Natasha, carrying a wand of roots (7) (moderately wounded, 51% to hit)
You shoot a sling bullet. The sling bullet barely misses Natasha.
Natasha mewls in sadness.
Natasha casts a spell.
Fire: b) +0 sling
Press: ? - help, Q - select action, (/) - cycle Shift-Dir - straight line, f/p - Natasha
Aim: Natasha, carrying a wand of roots (7) (moderately wounded, 51% to hit)
You shoot a sling bullet.
The sling bullet closely misses Natasha.
Natasha misses you.
a - a +0 falchion (weapon)
You closely miss Natasha.
Natasha is moderately wounded.
Natasha claws you but does no damage.
You hit Natasha.
Natasha is severely wounded.
Natasha drinks a potion.
Natasha is healed!
Natasha claws you.
You hit Natasha. Your punch misses Natasha.
Natasha is heavily wounded.
The shadow imp barely misses you.
Natasha zaps a wand.
The roots erupt in riotous growth!
The grasping roots grab you!
Natasha is unaffected.
The shadow imp is unaffected.
The grasping roots constrict you.
You closely miss Natasha.
Natasha is heavily wounded.
The shadow imp barely misses you. Natasha barely misses you.
The grasping roots constrict you.
You completely miss Natasha.
Natasha is heavily wounded.
The shadow imp gestures at you. Pain shoots through your body!
Natasha claws you. The grasping roots constrict you.
* * * LOW HITPOINT WARNING * * *
You hit Natasha.
Natasha is almost dead.
The shadow imp completely misses you. Natasha claws you.
* * * LOW HITPOINT WARNING * * *
The grasping roots constrict you.
You die...

.....#######.###..#..).....#
#
....................########
# .#####.†.###.##....## # †##
##.#..##.....### # ..#
#..##..##...## #.
#.###.####..#...# #.
#.....#####)....# #.
#...###.<......h### #.
...............5@.###########
#.
....###.........#...........#
##. ....#
#.........###########.###..
#...# #.........# ##.....#..
#...# ########..# ##.....†...
#..)## ##.# #..........
#..<.# #.# #..........
#....### ####.####
#.......).. ###....#
#.......# #..........


You could see Natasha and a shadow imp (summoned).

Vanquished Creatures
  Natasha (D:2)
  3 gnolls
  3 adders (D:2)
  2 dart slugs
  An orc (D:2)
  5 endoplasms
  2 giant cockroaches (D:1)
  6 goblins
  4 hobgoblins (D:1)
  2 jackals (D:2)
  3 quokkas
  A ball python (D:2)
  3 bats (D:1)
  3 frilled lizards
  A kobold (D:2)
  7 rats
47 creatures vanquished.

Notes
Turn   | Place    | Note
-------+----------+-------------------------------------------
     0 | D:1      | avis the Demigod Warper began the quest for the Orb.
     0 | D:1      | Reached XP level 1. HP: 17/17 MP: 5/5
   197 | D:1      | Reached skill level 1 in Stealth
   444 | D:1      | Reached XP level 2. HP: 8/25 MP: 7/7
  1100 | D:2      | Reached XP level 3. HP: 24/31 MP: 8/8
  1417 | D:2      | Reached XP level 4. HP: 8/38 MP: 9/9
  1658 | D:2      | Reached skill level 1 in Ranged Weapons
  1732 | D:2      | Noticed Natasha
  1739 | D:2      | Killed Natasha
  1774 | D:2      | Noticed Natasha
  1786 | D:2      | Constricted to death by Natasha

Illustrated notes

Levels and vault maps discovered:
D:1:      lightli_arrival_statuegarden, layout_basic
D:2:      minmay_evil_eye, layout_rooms, uniq_natasha, uniq_robin

Skill      XL: |  1  2  3  4 |
---------------+-------------+-----
Stealth        | 1 |  1.0
Fighting       | 2 3 |  3.0
Long Blades    | 2 3 |  3.0
Ranged Weapons | 2 |  2.1
Throwing       | |  0.8
Armour         | |  0.8
Dodging        | |  1.7
Spellcasting   | |  1.7
Translocations | |  2.6

Action                     |  1- 3 |  4- 6 || total
---------------------------+-------+-------++-------
  Melee: Falchion          |   104 |    39 ||   143
         Punch             |     1 |       ||     1
   Fire: Sling             |    30 |    26 ||    56
    Use: Potion            |     3 |       ||     3
   Stab: Sleeping          |     1 |       ||     1
 Armour: Leather armour    |    44 |    11 ||    55
  Dodge: Dodged            |    63 |    35 ||    98

Table legend: (Time is in decaauts)
 A = Elapsed time spent in this place.
 B = Non-inter-level travel time spent in this place.
 C = Inter-level travel time spent in this place.
 D = Time resting spent in this place.
 E = Time spent auto-exploring this place.
 F = Levels seen in this place.
 G = Mean time per level.
                   A        B        C        D        E       F      G
               +--------+--------+--------+--------+--------+-----+--------+
         Total |   1811 |   1642 |    169 |    307 |    781 |   2 |  905.5 |
       Dungeon |   1811 |   1642 |    169 |    307 |    781 |   2 |  905.5 |
               +--------+--------+--------+--------+--------+-----+--------+

Top non-repeatable levels by time:
     D:1: 1206 daAuts
     D:2: 604 daAuts
